 Dungeon Crawl Stone Soup version 0.31-a0-876-gfe8ebadbca (webtiles) character file.

Game seed: 17293348328745477718

1 randomguy2701 the Spear-Bearer (level 1, 14/17 HPs)
             Began as a Gnoll Wanderer on Oct 14, 2023.
             Quit the game on level 1 of the Dungeon.
             The game lasted 00:00:10 (60 turns).

randomguy2701 the Spear-Bearer (Gnoll Wanderer)       Turns: 60, Time: 00:00:10

Health: 14/17      AC:  3    Str: 11    XL:     1   Next: 20%
Magic:  1/1        EV: 10    Int:  7    God:
Gold:   0          SH:  0    Dex: 15    Spells: 0/0 levels left

rFire   . . .        a - +2 spear
rCold   . . .        (no shield)
rNeg    . . .        f - +0 leather armour
rPois   .            (no helmet)
rElec   .            (no cloak)
rCorr   .            (no gloves)
SInv    .            (no boots)
Will    .....        (no amulet)
Stlth   ++           (no ring)
HPRegen 0.22/turn    (no ring)
MPRegen 0.07/turn

%: no passive effects
@: no status effects
A: fangs 1, strong nose, distributed training
a: no special abilities


You were on level 1 of the Dungeon.
You visited 1 branch of the dungeon, and saw 1 of its levels.

Inventory:

Hand Weapons
 a - a +2 spear (weapon)
 b - a +0 sling
 d - a +0 dagger
Missiles
 c - 8 poisoned darts (quivered)
Armour
 f - a +0 leather armour (worn)
Scrolls
 e - a scroll of fog
 g - a scroll of immolation {unknown}


   Skills:
 + Level 2.3 Fighting
 + Level 0.0 Short Blades
 + Level 0.0 Long Blades
 + Level 0.0 Axes
 + Level 0.0 Maces & Flails
 + Level 8.4 Polearms
 + Level 0.0 Staves
 + Level 2.3 Ranged Weapons
 + Level 4.4 Throwing
 + Level 2.3 Armour
 + Level 0.0 Dodging
 + Level 2.1 Stealth
 + Level 0.0 Shields
 + Level 0.0 Unarmed Combat
 + Level 0.0 Spellcasting
 + Level 0.0 Conjurations
 + Level 0.0 Hexes
 + Level 0.0 Summonings
 + Level 0.0 Necromancy
 + Level 0.0 Translocations
 + Level 0.0 Transmutations
 + Level 0.0 Fire Magic
 + Level 0.0 Ice Magic
 + Level 0.0 Air Magic
 + Level 0.0 Earth Magic
 + Level 0.0 Poison Magic
 + Level 0.0 Invocations
 + Level 0.0 Evocations
 + Level 0.0 Shapeshifting


You couldn't memorise any spells.
You didn't know any spells.
Your spell library was empty.

Dungeon Overview and Level Annotations

Branches:
Dungeon (1/15)

Altars:


Innate Abilities, Weirdness & Mutations

You have very sharp teeth.
Your uncanny sense of smell can sniff out nearby items.
Your experience applies equally to all skills.


Message History

Welcome, randomguy2701 the Gnoll Wanderer.
A smirking vizier told you that the Orb of Zot is just within this dungeon.
Press ? for a list of commands and other information.
Found a staircase leading out of the dungeon.
You begin with the following items: a +2 spear, a +0 sling, 8 poisoned darts, a +0 dagger, a scroll of fog, a +0 leather armour.
You open the door.
There is an open door here.
Found a cloak.
You open the door.
There is an open door here.
g - a scroll labelled HER EGUGIWNAOG You open the door.
Found a leather armour.
There is an open door here.
A goblin comes into view. It is wielding a +0 club.
Found 11 gold pieces.
Found a stone staircase leading down.
You see here a sapphire potion.
A goblin is nearby!
A goblin is nearby!
A goblin is nearby!
A goblin is nearby!
You closely miss the goblin. You hit the goblin.
The goblin is heavily wounded.
The goblin hits you with a +0 club.
You hit the goblin.
You kill the goblin!
No target in view!
No target in view!
No target in view!
No target in view!
No target in view!
Are you sure you want to abandon this character and quit the game? (Confirm with "yes".)

#...#..#####..# #..
#..##.##...##.# #..
#..##.##.<.##.# #..
#..##.##...##.# #..
#...#..##'##..#
#..####..##.......##
#...# #...#########.
#..)# ##....#####...
...#..@## ##...........
....>....## ###.......##
.....#....########.####
####.........#####'#####
#.#.....!............
#.#..################
#..... ∆ ######


There were no monsters in sight!

Vanquished Creatures
  A goblin (D:1)
1 creature vanquished.

Notes
Turn   | Place    | Note
-------+----------+-------------------------------------------
     0 | D:1      | randomguy2701 the Gnoll Wanderer began the quest for the
                  | Orb.
     0 | D:1      | randomguy2701 set off with the following items: a +2 spear,
                  | a +0 sling, 8 poisoned darts, a +0 dagger, a scroll of fog,
                  | a +0 leather armour.
     0 | D:1      | Reached XP level 1. HP: 17/17 MP: 1/1
    60 | D:1      | Quit the game

Illustrated notes

Levels and vault maps discovered:
D:1:      dpeg_arrival_concentric_ovals, layout_basic,
          dilly_ecumenical_altar_fadedgnrine

Action                     || total
---------------------------++-------
  Melee: Spear             ||     3
 Armour: Leather armour    ||     1

Table legend: (Time is in decaauts)
 A = Elapsed time spent in this place.
 B = Non-inter-level travel time spent in this place.
 C = Inter-level travel time spent in this place.
 D = Time resting spent in this place.
 E = Time spent auto-exploring this place.
 F = Levels seen in this place.
 G = Mean time per level.
                   A        B        C        D        E       F      G
               +--------+--------+--------+--------+--------+-----+--------+
         Total |     59 |     59 |      0 |      0 |     49 |   1 |   59.0 |
       Dungeon |     59 |     59 |      0 |      0 |     49 |   1 |   59.0 |
               +--------+--------+--------+--------+--------+-----+--------+

Top non-repeatable levels by time:
     D:1: 59 daAuts
